 Seeded DCSS version 0.28-a0-983-g1de4e0787c (webtiles) character file.

Game seed: 12130800008223909736 (custom seed)

457 croobank the Covert (level 7, 0/48 HPs)
             Began as an Octopode Delver on Dec 2, 2021.
             Was an Initiate of Makhleb.
             Slain by a gnoll (5 damage)
             ... on level 5 of the Dungeon.
             The game lasted 00:24:31 (3700 turns).

croobank the Covert (Octopode Delver)               Turns: 3700, Time: 00:24:31

Health: 0/48       AC:  3    Str: 13    XL:     7   Next: 6%
Magic:  7/7        EV: 13    Int: 12    God:    Makhleb [......]
Gold:   320        SH:  0    Dex: 14    Spells: 6/6 levels left

rFire   + . .      SeeInvis +   a - +0 hand axe
rCold   x . .      Faith    .   (no shield)
rNeg    . . .      Spirit   .   F - +2 hat {SInv}
rPois   .          Reflect  .   n - amulet of regeneration
rElec   .          Harm     .   p - ring of fire
rCorr   .          Rampage  .   (no ring)
Will    .....                   (no ring)
Stlth   ++........              (no ring)
HPRegen 0.96/turn               (no ring)
MPRegen 0.10/turn               (no ring)
                                (no ring)
                                (no ring)

@: lit by a corona, glowing
A: almost no armour, amphibious, 8 rings, camouflage 1, gelatinous body 1,
(nimble swimmer 1), tentacles
a: Renounce Religion


You were on level 5 of the Dungeon.
You worshipped Makhleb.
Makhleb was noncommittal.
You visited 2 branches of the dungeon, and saw 6 of its levels.

You collected 320 gold pieces.

Inventory:

Hand Weapons
 a - a +0 hand axe (weapon)
 b - a +0 vorpal hunting sling
 o - a +0 long sword
 z - a +1 short sword of speed
Missiles
 m - an atropa-tipped dart
 q - 72 arrows
 t - 56 stones
 u - 9 poisoned darts (quivered)
 w - 11 sling bullets
 C - a boomerang
 E - 16 bolts
Armour
 F - a +2 hat of see invisible (worn)
Magical Staves
 B - a staff of conjuration
 G - a staff of cold
Jewellery
 n - an amulet of regeneration (around mantle)
 p - a ring of fire (left tentacle)
Wands
 f - a wand of digging (3)
 g - a wand of iceblast (4)
Scrolls
 c - a scroll of magic mapping
 d - 2 scrolls of fear
 h - 2 scrolls of noise {unknown}
 i - a scroll of enchant weapon {unknown}
 j - 2 scrolls of immolation {unknown}
 k - a scroll of enchant armour
 s - 4 scrolls of identify {identify, unknown}
 v - 3 scrolls of acquirement {acquirement}
 y - 3 scrolls of fog
 D - 3 scrolls of teleportation {unknown}
Potions
 e - a potion of haste
 l - a potion of berserk rage {unknown}
 r - a potion of flight {unknown}
 x - a potion of degeneration {unknown}
 A - a potion of heal wounds {heal wounds, unknown}


   Skills:
 + Level 4.0 Fighting
 + Level 4.0 Axes
 + Level 0.4(0.6) Slings
 + Level 0.4(0.6) Throwing
 + Level 2.6 Dodging
 + Level 9.7 Stealth


You had 6 spell levels left.
You didn't know any spells.
Your spell library contained the following spells:

 Spells                   Type           Power      Damage    Failure   Level
 Animate Skeleton         Necr           0%         N/A       32%         1
 Apportation              Tloc           0%         N/A       32%         1
 Summon Small Mammal      Summ           0%         N/A       32%         1
 Alistair's Intoxication  Tmut/Pois      0%         N/A       100%        5


Dungeon Overview and Level Annotations

Branches:
Dungeon (5/15)             Temple (1/1) D:4

Altars:
Ashenzari
Cheibriados
Dithmenos
Elyvilon
Fedhas
Gozag
Kikubaaqudgha
Makhleb
Okawaru
Trog
Uskayaw
Vehumet
Wu Jian
Xom
Zin


Innate Abilities, Weirdness & Mutations

You cannot wear most types of armour.
You are amphibious.
You can wear up to eight rings at the same time.
Your skin changes colour to match your surroundings (Stealth+).
Your rubbery body absorbs attacks. (AC +1, EV +1)
((You are camouflaged near water. (Stealth+)))
You have tentacles for arms and can constrict up to eight enemies at once.


Message History

The gnoll shaman calls down the wrath of its god upon you.
You resist with some effort.
A gnoll comes into view. It is wielding a +1 vorpal spear.
The gnoll shaman calls upon its god to heal the gnoll.
The gnoll is healed somewhat.
Throw: 9 darts (poison)
Press: ? - help, Q - select action, (/) - cycle Shift-Dir - straight line, f/p - gnoll shaman
Aim: a gnoll shaman, wielding a +0 whip and wearing a +0 robe (moderately wounded, 64% to hit)
Okay, then.
Okay, then.
You hit the gnoll shaman but do no damage.
You grab the gnoll shaman. You squeeze the gnoll shaman.
The gnoll shaman is heavily wounded.
You constrict the gnoll shaman, but do no damage.
The gnoll shaman escapes!
The gnoll shaman invokes the aid of its god against you.
You are outlined in light.
You slash the gnoll! You grab the gnoll. You squeeze the gnoll.
You kill the gnoll!
Makhleb accepts your kill.
You barely miss the gnoll shaman. The gnoll shaman misses you.
You hit the gnoll shaman. Your grab misses the gnoll shaman.
The gnoll shaman is heavily wounded.
The gnoll hits you from afar with a +1 vorpal spear.
The gnoll shaman hits you with a +0 whip!
The gnoll hits you with a +1 vorpal spear.
The gnoll hits you with a +0 flail. The gnoll completely misses you.
The gnoll shaman closely misses you.
You see here a +0 flail.
You hit the gnoll shaman but do no damage.
Your grab misses the gnoll shaman. Your squeeze misses the gnoll shaman.
The gnoll shaman is heavily wounded.
You hit the gnoll. You closely miss the gnoll. The gnoll misses you.
The gnoll closely misses you.
The gnoll hits you from afar with a +0 halberd!
* * * LOW HITPOINT WARNING * * *
The gnoll shaman hits you with a +0 whip!
* * * LOW HITPOINT WARNING * * *
The gnoll hits you with a +1 vorpal spear.
You die...

#. ###......###. #..
#.....#.###.. #.###
####.#.###.##... . ...#
#......###..#.#. #..##
#.### ##.##...##.......
#>..g##...#
#......###.####..
#g)....###.....##... ##.
######.gg#...####.#.......
##.g@g#.# #...#####.
###..#.####..# #.
#..........# ##
##.#.#.....# #...#......
#..## .#### ##.## ##
##########..##
#............#


You could see a gnoll shaman and 3 gnolls.

Vanquished Creatures
  A sky beast (D:5)
  A black bear (D:4)
  Jessica (D:3)
  A hound zombie (D:5)
  5 gnolls
  2 adders
  A shadow imp (D:5)
  An ufetubus (D:5)
  2 worms
  4 dart slugs
  2 orcs (D:3)
  3 endoplasms (D:1)
  2 giant cockroaches
  4 goblins
  5 hobgoblins
  4 kobolds
  3 quokkas
  2 ball pythons (D:2)
  3 bats
  2 frilled lizards
  3 rats
52 creatures vanquished.

Vanquished Creatures (collateral kills)
  Pargi (D:3)
1 creature vanquished.

Vanquished Creatures (others)
  5 plants (D:3)
5 creatures vanquished.

Grand Total: 58 creatures vanquished

Notes
Turn   | Place    | Note
-------+----------+-------------------------------------------
     0 | D:5      | croobank the Octopode Delver began the quest for the Orb.
     0 | D:5      | Reached XP level 1. HP: 16/16 MP: 1/1
   228 | D:3      | Noticed Jessica
   233 | D:3      | Killed Jessica
   234 | D:3      | Reached skill level 7 in Stealth
   234 | D:3      | Reached XP level 2. HP: 6/21 MP: 2/2
   234 | D:3      | Reached XP level 3. HP: 7/26 MP: 3/3
  1045 | D:1      | Reached skill level 8 in Stealth
  1285 | D:1      | Reached XP level 4. HP: 31/31 MP: 4/4
  2279 | D:3      | Noticed Pargi
  2299 | D:3      | Killed Pargi
  2300 | D:3      | Reached skill level 9 in Stealth
  2300 | D:3      | Reached XP level 5. HP: 15/36 MP: 5/5
  2787 | D:4      | Found a white marble altar of Elyvilon.
  3054 | D:4      | Found a staircase to the Ecumenical Temple.
  3060 | Temple   | Entered the Ecumenical Temple
  3127 | Temple   | Became a worshipper of Makhleb the Destroyer
  3165 | D:4      | Noticed a black bear
  3170 | D:4      | Killed a black bear
  3171 | D:4      | Reached XP level 6. HP: 43/43 MP: 6/6
  3585 | D:5      | Identified 4 scrolls of acquirement {acquirement}
  3585 | D:5      | Acquired a +0 hat of see invisible
  3598 | D:5      | Noticed a sky beast
  3608 | D:5      | Killed a sky beast
  3613 | D:5      | Reached XP level 7. HP: 42/48 MP: 7/7
  3700 | D:5      | Slain by a gnoll

Illustrated notes

Levels and vault maps discovered:
D:1:      minmay_arrival_checkered_box, layout_basic, minmay_pentomino_q2
D:2:      layout_loops_cross
D:3:      layout_loops_corners, serial_bayou, serial_bayou_pond_c,
          serial_bayou_lagoon_b, serial_bayou_pond_c, serial_bayou_pond_e,
          uniq_pargi, uniq_jessica
D:4:      layout_basic, marbit_many_paths, minmay_temple_entry_enclosed_plants,
          hex_intersection
D:5:      layout_rooms, uniq_sigmund
Temple:   mainiacjoe_temple_coin_purse

Skill      XL: |  1  2  3  4  5  6 |
---------------+-------------------+-----
Stealth        | 7 8 9 |  9.7
Axes           | 3 4 |  4.0
Fighting       | 4 |  4.0
Slings         | |  0.4
Throwing       | |  0.4
Dodging        | |  2.6

Action                   |  1- 3 |  4- 6 |  7- 9 || total
-------------------------+-------+-------+-------++-------
Melee: Hand axe          |    46 |    54 |     8 ||   108
       Tentacles         |     9 |    14 |     3 ||    26
       Constrict         |    11 |    17 |     3 ||    31
 Fire: Hunting sling     |       |     1 |       ||     1
Throw: Dart              |       |     6 |       ||     6
Evoke: Wand              |       |     2 |     1 ||     3
  Use: Scroll            |       |     4 |       ||     4
 Stab: Sleeping          |    13 |     9 |       ||    22
       Distracted        |     1 |       |       ||     1
Armor: Skin              |     2 |     4 |       ||     6
Dodge: Dodged            |    15 |    37 |     9 ||    61

Table legend: (Time is in decaauts)
 A = Elapsed time spent in this place.
 B = Non-inter-level travel time spent in this place.
 C = Inter-level travel time spent in this place.
 D = Time resting spent in this place.
 E = Time spent auto-exploring this place.
 F = Levels seen in this place.
 G = Mean time per level.
                   A        B        C        D        E       F      G
               +--------+--------+--------+--------+--------+-----+--------+
         Total |   3717 |   3596 |    121 |    261 |   2572 |   6 |  619.5 |
       Dungeon |   3637 |   3528 |    109 |    261 |   2521 |   5 |  727.4 |
        Temple |     79 |     67 |     12 |      0 |     51 |   1 |   79.0 |
               +--------+--------+--------+--------+--------+-----+--------+

Top non-repeatable levels by time:
     D:3: 1269 daAuts
     D:1: 820 daAuts
     D:4: 720 daAuts
     D:2: 643 daAuts
     D:5: 184 daAuts
  Temple: 79 daAuts
